 Dungeon Crawl Stone Soup version 0.23-a0-629-gae4348f6cf (webtiles) character file.

4183 K1ngMX the Cleaver (level 10, -8/132 HPs)
             Began as a Minotaur Berserker on Dec 25, 2018.
             Was an Elder of Trog.
             Mangled by a ten-headed hydra (10 damage)
             ... on level 1 of the Lair of Beasts.
             The game lasted 00:40:48 (8782 turns).

K1ngMX the Cleaver (Minotaur Berserker)             Turns: 8782, Time: 00:40:48

Health: -8/132     AC:  9    Str: 28    XL:     10   Next: 8%
Magic:  9/9        EV: 12    Int:  6    God:    Trog [****..]
Gold:   341        SH: 11    Dex: 12    Spells: 9/9 levels left

rFire    + . .     SeeInvis .   a - +0 hand axe
rCold    . . .     Gourm    .   E - +0 shield
rNeg     . . .     Faith    .   J - +0 ring mail "Cuifippu" {rF+ MR+ Int+2 Stlth+} (curse)
rPois    .         Spirit   .   (helmet restricted)
rElec    .         Reflect  .   G - +0 cloak
rCorr    .         Harm     .   H - +0 pair of gloves
MR       +++..                  (no boots)
Stlth    ..........             (no amulet)
HPRegen  1.32/turn              (no ring)
MPRegen  0.11/turn              (no ring)

@: berserking, starving, regenerating, very quick
A: retaliatory headbutt, horns 2
a: Berserk, Trog's Hand, Brothers in Arms, Renounce Religion


You were on level 1 of the Lair of Beasts.
You worshipped Trog.
Trog was greatly pleased with you.
You were starving.

You visited 2 branches of the dungeon, and saw 10 of its levels.
You also visited: Sewer.

You collected 473 gold pieces.
You spent 132 gold pieces at shops.

Inventory:

Hand Weapons
 a - a +0 hand axe (weapon)
Missiles
 O - 3 poisoned javelins (quivered)
Armour
 b - a +0 animal skin
 i - a +0 ring mail
 v - a +0 leather armour of poison resistance
 w - a +0 plate armour
 x - a +0 helmet
 D - a +0 large shield
 E - a +0 shield (worn)
 G - a +0 cloak (worn)
 H - a +0 pair of gloves (worn)
 I - a cursed +0 helmet
 J - the cursed +0 ring mail "Cuifippu" (worn) {rF+ MR+ Int+2 Stlth+}
   (You found it on level 6 of the Dungeon)

   It affects your intelligence (+2).
   It protects you from fire.
   It affects your resistance to hostile enchantments.
   It makes you more stealthy.
   It has a curse placed upon it.
 N - a +2 leather armour of cold resistance
 P - a cursed +0 scale mail
Jewellery
 K - an uncursed ring of resist corrosion
Wands
 o - a wand of polymorph (5)
 t - a wand of random effects (11)
 A - a wand of acid (2)
 F - a wand of scattershot (6)
 R - a wand of flame (16)
Scrolls
 d - 6 scrolls of remove curse
 e - 9 scrolls of identify
 f - 4 scrolls of teleportation
 g - 2 scrolls of magic mapping {unknown}
 k - a scroll of enchant armour {unknown}
 n - 2 scrolls of amnesia {unknown}
 q - a scroll of fog {unknown}
 y - 5 scrolls of fear {unknown}
 M - a scroll of blinking {unknown}
Potions
 h - 2 potions of heal wounds {unknown}
 j - 3 potions of resistance {unknown}
 l - 2 potions of cancellation {unknown}
 m - 2 potions of magic {unknown}
 p - 5 potions of lignification {unknown}
 r - 2 potions of ambrosia {unknown}
 s - a potion of haste {unknown}
 u - 2 potions of curing {unknown}
 z - a potion of berserk rage {unknown}
 B - 4 potions of might {unknown}
 C - 4 potions of flight {unknown}
 L - a potion of degeneration {unknown}
Comestibles
 c - 10 rations


   Skills:
 + Level 7.6 Fighting
 * Level 11.8 Axes
 + Level 7.2 Armour
 + Level 6.6 Dodging
 + Level 5.7 Shields


You had 9 spell levels left.
You didn't know any spells.
Your spell library was empty.

Dungeon Overview and Level Annotations

Branches:
Dungeon (9/15)             Temple (0/1) D:6            Lair (1/6) D:8
    Orc (0/2) D:9

Altars:
Dithmenos
Elyvilon
Gozag
Hepliaklqana
Kikubaaqudgha
Makhleb
Nemelex Xobeh
Qazlal
Sif Muna
Vehumet
Yredelemnul
The Shining One

Shops:
D:5 *   D:6 =[?*=

Annotations:
D:9 1 runed door, Zaazir's ghost, novice GrEE


Innate Abilities, Weirdness & Mutations

You reflexively headbutt those who attack you in melee.
You have a pair of horns on your head.


Message History

The eight-headed hydra bites you!
* * * LOW HITPOINT WARNING * * *
The eight-headed hydra bites you!
* * * LOW HITPOINT WARNING * * *
The eight-headed hydra bites you but does no damage.
You chop one of the eight-headed hydra's heads off!
The seven-headed hydra grows two more!
You slash the nine-headed hydra!
The nine-headed hydra is heavily wounded.
The blink frog blinks!
You slice one of the nine-headed hydra's heads off!
The eight-headed hydra grows two more!
You slice the ten-headed hydra!! You headbutt the ten-headed hydra.
The ten-headed hydra is heavily wounded.
The ten-headed hydra bites you!
* * * LOW HITPOINT WARNING * * *
You block the ten-headed hydra's attack.
The ten-headed hydra bites you!
* * * LOW HITPOINT WARNING * * *
The ten-headed hydra bites you!
You die...

... #.# ## #.#
#.###.#
#....<###
#.......+
#.....##P.....
#.##.#.# ...P.
# #.#@# ..#.
#+#D# .#


YYF .# ..FF. . ....... ......... .......F... ............. You could see a
ten-headed hydra, 2 yaks, a spiny frog and 3 blink frogs.

Vanquished Creatures
  A troll (D:8)
  Sigmund (D:6)
  2 yaks
  A hungry ghost (D:9)
  A water moccasin (D:8)
  4 sky beasts
  Purgy (Sewer)
  2 ice beasts
  An ogre (D:8)
  4 wolves (D:8)
  6 centaurs
  3 bullfrogs
  2 electric eels (D:8)
  2 howler monkeys
  5 crimson imps
  6 hounds
  A bullfrog zombie (D:7)
  Crazy Yiuf (D:6)
  4 orc priests
  2 bullfrog skeletons
  Jessica (D:3)
  Natasha (thrice) (D:2)
  Ijyb (D:4)
  4 iguanas
  10 orc wizards
  3 worker ants
  A killer bee zombie (D:8)
  A hound zombie (D:6)
  Robin (D:2)
  8 adders
  A howler monkey skeleton (D:9)
  An adder zombie (D:6)
  2 adder skeletons
  2 worms
  4 dart slugs
  2 leopard geckos (D:5)
  17 orcs
  2 ball pythons (Sewer)
  10 bats
  10 giant cockroaches
  14 goblins
  10 hobgoblins
  10 jackals
  4 quokkas
  9 frilled lizards
  A goblin zombie (D:9)
  3 kobolds (D:3)
  2 orc skeletons (D:9)
  A quokka zombie (D:6)
  8 rats
196 creatures vanquished.

Notes
Turn   | Place    | Note
-------+----------+-------------------------------------------
     0 | D:1      | K1ngMX the Minotaur Berserker began the quest for the Orb.
     0 | D:1      | Reached XP level 1. HP: 19/19 MP: 0/0
    64 | D:1      | Reached XP level 2. HP: 18/27 MP: 1/1
   166 | D:1      | Reached skill level 4 in Axes
   471 | D:1      | Reached XP level 3. HP: 33/33 MP: 2/2
   675 | D:1      | Reached ** piety under Trog
   810 | D:2      | Noticed Natasha
   819 | D:2      | Killed Natasha
   839 | D:2      | Noticed Natasha
   850 | D:2      | Killed Natasha
   850 | D:2      | Reached XP level 4. HP: 40/40 MP: 3/3
  1004 | D:2      | Noticed Robin
  1022 | D:2      | Killed Robin
  1022 | D:2      | Reached skill level 5 in Axes
  1253 | D:2      | Noticed Natasha
  1267 | D:2      | Killed Natasha
  1267 | D:2      | Reached XP level 5. HP: 47/47 MP: 4/4
  1358 | D:2      | Found a hazy altar of Hepliaklqana.
  1726 | D:3      | Found a white marble altar of Elyvilon.
  1895 | D:3      | Noticed Jessica
  1911 | D:3      | Killed Jessica
  2168 | D:3      | Found a basalt altar of Yredelemnul.
  2794 | D:4      | Noticed Ijyb
  2802 | D:4      | Killed Ijyb
  2802 | D:4      | Reached XP level 6. HP: 55/55 MP: 5/5
  3246 | D:4      | Found a burning altar of Makhleb.
  3246 | D:4      | Found a stormy altar of Qazlal.
  3364 | D:4      | Reached skill level 6 in Axes
  3396 | D:4      | Found a burning altar of Makhleb.
  3400 | D:4      | Noticed a green death
  3403 | D:4      | Noticed a smoke demon
  3403 | D:4      | Noticed a neqoxec
  3461 | D:5      | Entered Level 5 of the Dungeon
  3482 | D:5      | Found a glowing drain.
  3498 | Sewer    | Entered a sewer
  3605 | Sewer    | Noticed Purgy
  3617 | Sewer    | Killed Purgy
  3617 | Sewer    | Reached skill level 7 in Axes
  3811 | D:5      | Reached *** piety under Trog
  3918 | D:5      | Reached XP level 7. HP: 60/60 MP: 6/6
  3935 | D:5      | Found Rekhasoe's Lightly-Used Armoury.
  4047 | D:5      | Reached skill level 8 in Axes
  4458 | D:5      | Found a deep blue altar of Sif Muna.
  4714 | D:6      | Found Tuegon's Armour Shop.
  4714 | D:6      | Found Guynk's Magic Scroll Shop.
  4715 | D:6      | Found Wiskouro's Assorted Antiques.
  4715 | D:6      | Found Ryong's Jewellery Shop.
  4723 | D:6      | Reached skill level 5 in Fighting
  4731 | D:6      | Reached skill level 1 in Shields
  4741 | D:6      | Bought a +0 pair of gloves for 67 gold pieces
  4752 | D:6      | Bought a scroll of teleportation for 39 gold pieces
  4752 | D:6      | Bought a scroll of identify for 26 gold pieces
  4784 | D:6      | Reached skill level 9 in Axes
  4840 | D:6      | Found a deep blue altar of Sif Muna.
  4850 | D:6      | Found an ancient bone altar of Kikubaaqudgha.
  4864 | D:6      | Found a radiant altar of Vehumet.
  4883 | D:6      | Reached XP level 8. HP: 64/68 MP: 7/7
  5107 | D:6      | Found Inleid's Jewellery Boutique.
  5126 | D:6      | Got a distressingly furry ring mail
  5137 | D:6      | Identified the cursed +0 ring mail "Cuifippu" {rF+ MR+
                  | Int+2 Stlth+} (You found it on level 6 of the Dungeon)
  5138 | D:6      | Found a staircase to the Ecumenical Temple.
  5190 | D:6      | Reached skill level 5 in Armour
  5503 | D:6      | Found a glowing golden altar of the Shining One.
  5562 | D:6      | Found a sparkling altar of Nemelex Xobeh.
  5618 | D:6      | Noticed Sigmund
  5624 | D:6      | Killed Sigmund
  5624 | D:6      | Reached skill level 10 in Axes
  5624 | D:6      | Reached skill level 5 in Dodging
  5751 | D:6      | Found a runed door.
  5781 | D:6      | Noticed Crazy Yiuf
  5784 | D:6      | Killed Crazy Yiuf
  6044 | D:7      | Reached **** piety under Trog
  6170 | D:7      | Found an opulent altar of Gozag.
  6257 | D:7      | Received a gift from Trog
  6435 | D:7      | Reached XP level 9. HP: 77/77 MP: 8/8
  7026 | D:8      | Reached skill level 11 in Axes
  7350 | D:8      | Noticed a troll
  7362 | D:8      | Killed a troll
  7362 | D:8      | Reached skill level 5 in Shields
  7833 | D:8      | Found a staircase to the Lair.
  7929 | D:8      | You fall through a shaft!
  7929 | D:9      | Found a staircase to the Orcish Mines.
  7942 | D:9      | Found a white marble altar of Elyvilon.
  7995 | D:9      | Found a shadowy altar of Dithmenos.
  8008 | D:9      | Noticed Zaazir's ghost (novice GrEE)
  8009 | D:9      | Noticed a two-headed ogre
  8020 | D:9      | Reached XP level 10. HP: 62/86 MP: 9/9
  8090 | D:9      | Found a runed door.
  8755 | Lair:1   | Entered Level 1 of the Lair of Beasts
  8759 | Lair:1   | Noticed a spiny frog
  8767 | Lair:1   | Noticed a seven-headed hydra
  8782 | Lair:1   | HP: 2/132 [ten-headed hydra (8)]
  8782 | Lair:1   | Mangled by a ten-headed hydra

Vault maps used:
D:1:      dpeg_arrival_long_road
D:2:      lemuel_doored_altar, uniq_natasha, uniq_robin
D:3:      elyvilon_altar_1, lemuel_crystal_altar,
          hangedman_abyss_or_decor_lesser_grid, uniq_jessica
D:4:      gammafunk_temple_overflow_statue, first_ration, chequers_jeans,
          chequers_serial_rivers_room_a, makhleb_altar_promises_db, uniq_ijyb
D:5:      portal_sewer_entry_f, basic_altar, minmay_shop_damaged, minivault_4
D:6:      palyth_temple_overflow_mages, marbit_many_paths,
          nicolae_tso_swordbearing_angel, minmay_temple_entry_proselytizer,
          serial_shops, shop, minivault_22, minmay_shop_grid_forest,
          uniq_crazy_yiuf_cottage, uniq_sigmund
D:7:      lemuel_crystal_altar
D:8:      erik_lair_island
D:9:      nicolae_dithmenos_shadow_blocks, zombieorc2_lemuel, enter_bailey_2,
          basic_altar, ebering_ghost_inner_flame, uniq_grum
Lair:1:   grunt_megastairs_2
Sewer:    sewer_co_purgy_island

Skill      XL: |  1  2  3  4  5  6  7  8  9 |
---------------+----------------------------+-----
Axes           | 4 5 7 9 10 11 | 11.8
Fighting       | 4 5 6 7 |  7.6
Armour         | 3 4 5 7 |  7.2
Dodging        | 3 4 5 6 |  6.6
Shields        | 1 3 5 |  5.7

Action                   |  1- 3 |  4- 6 |  7- 9 | 10-12 || total
-------------------------+-------+-------+-------+-------++-------
Melee: Hand axe          |    65 |   170 |   365 |    27 ||   627
       Headbutt          |    12 |    27 |    93 |     9 ||   141
       Unarmed           |     3 |     1 |       |       ||     4
Throw: Javelin           |       |       |       |     5 ||     5
Invok: Berserk           |     1 |     4 |     3 |     1 ||     9
       Trog's Hand       |     1 |     1 |     1 |     1 ||     4
  Use: Scroll            |       |       |     4 |       ||     4
 Stab: Sleeping          |       |     1 |     1 |       ||     2
       Distracted        |       |       |     3 |       ||     3
  Eat: Chunk             |     1 |    14 |    10 |       ||    25
       Ration            |       |       |     2 |     1 ||     3
Armor: Animal skin       |    14 |    20 |       |       ||    34
       Plate armour      |       |    33 |    69 |       ||   102
       Leather armour    |       |     1 |       |       ||     1
       Ring mail         |       |       |    51 |     5 ||    56
Dodge: Dodged            |    54 |    94 |   111 |     8 ||   267
Block: Shield            |       |       |   115 |     7 ||   122

Table legend:
 A = Non-vault XP
 B = Vault XP
 C = Vault XP percentage of total XP
 D = Non-vault monster count
 E = Vault monster count
 F = Vault count percentage of total count
                 A         B        C        D         E       F
            +---------+---------+-------+---------+---------+-------
      Total |    4214 |    1763 |  29.5 |     151 |      45 |  23.0
            +---------+---------+-------+---------+---------+-------
        D:1 |      48 |       0 |   0.0 |      28 |       0 |   0.0
        D:2 |     100 |      69 |  40.8 |      16 |      11 |  40.7
        D:3 |     114 |      37 |  24.5 |      27 |       1 |   3.6
        D:4 |      57 |      36 |  38.7 |       6 |       1 |  14.3
        D:5 |     343 |      10 |   2.8 |      13 |       4 |  23.5
        D:6 |     917 |     540 |  37.1 |      18 |       9 |  33.3
        D:7 |     697 |       0 |   0.0 |      21 |       0 |   0.0
        D:8 |    1358 |     905 |  40.0 |      18 |       8 |  30.8
        D:9 |     384 |       3 |   0.8 |       3 |       3 |  50.0
     Lair:1 |     196 |       0 |   0.0 |       1 |       0 |   0.0
      Sewer |       0 |     163 | 100.0 |       0 |       8 | 100.0
            +---------+---------+-------+---------+---------+-------
